 Dungeon Crawl Stone Soup version 0.20-a0-1023-gc4d110f (webtiles) character file.

14 M4edhros the Sneak (level 2, 0/18 HPs)
             Began as an Octopode Artificer on Apr 19, 2017.
             Was an Initiate of Kikubaaqudgha.
             Slain by Ordine's ghost (16 damage)
             ... on level 3 of the Dungeon.
             The game lasted 00:00:57 (486 turns).

M4edhros the Sneak (Octopode Artificer)              Turns: 486, Time: 00:00:58

Health: 0/18       AC:  1    Str: 11    XL:     2   Next: 41%
Magic:  4/4        EV: 13    Int: 13    God:    Kikubaaqudgha [......]
Gold:   20         SH:  0    Dex: 12    Spells: 1/1 levels left

rFire    . . .     SeeInvis .   a - +0 short sword
rCold    . . .     Gourm    .   (no shield)
rNeg     . . .     Faith    .   (helmet restricted)
rPois    .         Spirit   .   (no amulet)
rElec    .         Reflect  .   (no ring)
rCorr    .         Harm     .   (no ring)
MR       .....                  (no ring)
Stlth    +++.......             (no ring)
Regen    0.1/turn               (no ring)
MPRegen  0.1/turn               (no ring)
                                (no ring)
                                (no ring)

@: no status effects
A: almost no armour, stealthy swim, amphibious, 8 rings, constrict 8, camouflage
1, gelatinous body 1
a: Renounce Religion


You were on level 3 of the Dungeon.
You worshipped Kikubaaqudgha.
Kikubaaqudgha was noncommittal.
You were not hungry.

You visited 1 branch of the dungeon, and saw 4 of its levels.

You collected 20 gold pieces.

Inventory:

Hand Weapons
 a - a +0 short sword (weapon)
Wands
 b - a wand of flame (12/48)
 c - a wand of enslavement (13/24)
 d - a wand of random effects (14/48)
Scrolls
 e - a scroll of amnesia {unknown}
Potions
 g - a potion of degeneration {unknown}
 j - a potion of lignification {unknown}
Comestibles
 f - 2 bread rations
 h - 5 chunks of flesh
 i - a royal jelly


   Skills:
 - Level 1.0 Fighting
 - Level 1.0 Short Blades
 - Level 2.0 Dodging
 + Level 3.4 Stealth
 - Level 3.2 Evocations


You had one spell level left.
You didn't know any spells.

Dungeon Overview and Level Annotations

Branches:
Dungeon (4/15)
 Temple: D:4-7

Altars:
Kikubaaqudgha

Annotations:
D:3 Ordine's ghost, amateur DDFi


Innate Abilities, Weirdness & Mutations

You cannot wear most types of armour.
You are very stealthy in the water. (Stealth+)
You are amphibious.
You can wear up to eight rings at the same time.
You can use your tentacles to constrict eight enemies at once.
Your skin changes colour to match your surroundings (Stealth+).
Your rubbery body absorbs attacks. (AC +1, EV +1)


Message History

You see here a hobgoblin corpse.
You butcher the hobgoblin corpse.
h - 5 chunks of flesh (gained 3)
You see here a hobgoblin skeleton.
Ordine's ghost turns its malevolent gaze towards you.
You see here 13 gold pieces.
Okay, then.
You now have 20 gold pieces (gained 13).
Ordine's ghost screams, "Don't try to defend!
You have no chance!"
Ordine's ghost hits you.
Ordine's ghost shrieks, "You will never get the ORB!"
Unknown command.
Found a stone staircase leading up.
Found a scroll labeled OTEGRUAFAB.
You can't go up here!
There is a stone staircase leading up here.
Ordine's ghost hits you!
Ouch! That really hurt!
You die...
Kikubaaqudgha rasps: "You have failed me!
Welcome... death!"

#......#.........#
..#####.########.#
#. #.# #. #.# #.
#.# #. #.# #. #.#
#. #W# #@# #.# #.#
#.# ..? ..# ###


You could see Ordine's ghost.

Vanquished Creatures
  An adder (D:2)
  A dart slug (D:2)
  A hobgoblin (D:3)
  A kobold (D:1)
4 creatures vanquished.

Notes
Turn   | Place    | Note
-------+----------+-------------------------------------------
     0 | D:1      | M4edhros the Octopode Artificer began the quest for the Orb.
     0 | D:1      | Reached XP level 1. HP: 13/13 MP: 3/3
   315 | D:2      | Reached XP level 2. HP: 13/18 MP: 4/4
   361 | D:2      | You fall through a shaft for 2 floors!
   361 | D:4      | Noticed a howler monkey
   375 | D:4      | Found an ancient bone altar of Kikubaaqudgha.
   381 | D:4      | Became a worshipper of Kikubaaqudgha
   433 | D:3      | Noticed Ordine's ghost (amateur DDFi)
   486 | D:3      | Slain by Ordine's ghost

Vault maps used:
D:1:      eino_arrival_water_cross, minmay_distorted
D:2:      yredelemnul_altar_generic, lemuel_blue_sif_altar, first_bread
D:3:      vehumet_crystals, uniq_jessica
D:4:      grunt_dithmenos_smoke, marbit_many_paths,
          gammafunk_temple_overflow_forgotten, cheibriados_altar_1, uniq_edmund,
          uniq_eustachio

Skill      XL: |  1 |
---------------+----+-----
Stealth        | 3 |  3.4
Fighting       | |  1.0
Short Blades   | |  1.0
Dodging        | |  2.0
Evocations     | |  3.2

Action                   || total
-------------------------++-------
Melee: Short sword       ||     6
       Tentacles         ||     3
       Constrict         ||     1
Evoke: Wand              ||     6
 Stab: Sleeping          ||     2
Dodge: Dodged            ||     4
